TOP OF THE 1ST |
H.H. Dow HS Chargers batting - Pitching for Bishop Verot HS : LHP Ray Morgan
|
Pitching: LHP Ray Morgan
|
|
Batting: RHB Kris Ballard
|
0-0: Called Strike 0-1: Ball 1-1: Foul Ball, location: 2F 1-2: Strikes out swinging
|
Batting: LHB Paul Cotton
|
0-0: Ground out 3-1 (Groundball, 34)
|
Batting: RHB Joe Wiggs
|
0-0: Called Strike 0-1: Ground out 4-3 (Groundball, 4)
|
Top of the 1st over - 0 run(s), 0 hit(s), 0 error(s), 0 left on base; H.H. Dow HS 0 - Bishop Verot HS 0 |
BOTTOM OF THE 1ST |
Bishop Verot HS batting - Pitching for H.H. Dow HS Chargers : RHP Benton Wilkerson
|
Pitching: RHP Benton Wilkerson
|
|
Batting: RHB Peter Bishop
|
0-0: SOLO HOME RUN (Line Drive, 78XD), Distance : 413 ft
|
Batting: RHB Luis Morales
|
0-0: Foul Ball, location: 2F 0-1: Called Strike 0-2: Fly out, F8 (Flyball, 8LS)
|
Batting: LHB Rafael Yan
|
0-0: Ground out 4-3 (Groundball, 34)
|
Batting: RHB Nick Vogel
|
0-0: Called Strike 0-1: Ball 1-1: Foul Ball, location: 2F 1-2: Ball 2-2: Foul Ball, location: 2F 2-2: Foul Ball, location: 2F 2-2: Ball 3-2: Base on Balls
|
Batting: RHB Terry Perkins
|
0-0: Ball 1-0: Ball 2-0: Ball 3-0: Called Strike 3-1: Called Strike 3-2: Strikes out swinging
|
Bottom of the 1st over - 1 run(s), 1 hit(s), 0 error(s), 1 left on base; H.H. Dow HS 0 - Bishop Verot HS 1 |
TOP OF THE 2ND |
H.H. Dow HS Chargers batting - Pitching for Bishop Verot HS : LHP Ray Morgan
|
Batting: RHB John Small
|
0-0: Ball 1-0: Ball 2-0: Called Strike 2-1: Swinging Strike 2-2: Foul Ball, location: 2F 2-2: DOUBLE (Line Drive, 5D)
|
Batting: LHB Larry Battle
|
0-0: Swinging Strike 0-1: Ball 1-1: Called Strike 1-2: Foul Ball, location: 2F 1-2: Fly out, F7 (Flyball, 7M)
|
Batting: SHB Carlton Moreno
|
0-0: Called Strike 0-1: Called Strike 0-2: Ball 1-2: Foul Ball, location: 2F 1-2: Foul Ball, location: 2F 1-2: Ball 2-2: DOUBLE (Line Drive, 7LS) John Small scores
|
Batting: LHB Gary Powers
|
0-0: Foul Ball, location: 2F 0-1: Called Strike 0-2: Ball 1-2: Foul Ball, location: 2F 1-2: Foul Ball, location: 2F 1-2: Foul Ball, location: 2F 1-2: Ground out 4-3 (Groundball, 4S) Carlton Moreno to third
|
Batting: RHB Liam Mahoney
|
0-0: Called Strike 0-1: Fly out, F7 (Flyball, 7M)
|
Top of the 2nd over - 1 run(s), 2 hit(s), 0 error(s), 1 left on base; H.H. Dow HS 1 - Bishop Verot HS 1 |
BOTTOM OF THE 2ND |
Bishop Verot HS batting - Pitching for H.H. Dow HS Chargers : RHP Benton Wilkerson
|
Batting: LHB Jim Hall
|
0-0: Ball 1-0: Ball 2-0: SINGLE (Line Drive, 4D)
|
Batting: RHB Carlos Sánchez
|
0-0: Ball Jim Hall is caught stealing 2nd base 1-0: Fly out, F9 (Flyball, 9M)
|
Batting: RHB Reynaldo Gómez
|
0-0: Ball 1-0: Ball 2-0: Called Strike 2-1: Ball 3-1: Base on Balls
|
Batting: RHB Jon Foster
|
0-0: Called Strike 0-1: Ball 1-1: Fly out, F9 (Flyball, 89M)
|
Bottom of the 2nd over - 0 run(s), 1 hit(s), 0 error(s), 1 left on base; H.H. Dow HS 1 - Bishop Verot HS 1 |
TOP OF THE 3RD |
H.H. Dow HS Chargers batting - Pitching for Bishop Verot HS : LHP Ray Morgan
|
Batting: RHB Greg Scott
|
0-0: Foul Ball, location: 2F 0-1: Ball 1-1: Ball 2-1: Foul Ball, location: 2F 2-2: Fly out, F3 (Popup, 4)
|
Batting: RHB Kris Ballard
|
0-0: Ball 1-0: Called Strike 1-1: Called Strike 1-2: Ball 2-2: Foul Ball, location: 2F 2-2: Foul Ball, location: 2F 2-2: Fly out, F8 (Flyball, 8RM)
|
Batting: LHB Paul Cotton
|
0-0: Ball 1-0: Foul Ball, location: 2F 1-1: Ball 2-1: Swinging Strike 2-2: Foul Ball, location: 2F 2-2: Foul Ball, location: 2F 2-2: Foul Ball, location: 2F 2-2: Foul Ball, location: 2F 2-2: Strikes out swinging
|
Top of the 3rd over - 0 run(s), 0 hit(s), 0 error(s), 0 left on base; H.H. Dow HS 1 - Bishop Verot HS 1 |
BOTTOM OF THE 3RD |
Bishop Verot HS batting - Pitching for H.H. Dow HS Chargers : RHP Benton Wilkerson
|
Batting: RHB Peter Bishop
|
0-0: Ball 1-0: Ball 2-0: Foul Ball, location: 2F 2-1: Ball 3-1: Foul Ball, location: 2F 3-2: Foul Ball, location: 2F 3-2: Foul Ball, location: 2F 3-2: Strikes out looking
|
Batting: RHB Luis Morales
|
0-0: Ball 1-0: DOUBLE (Line Drive, 5L)
|
Batting: LHB Rafael Yan
|
0-0: DOUBLE (Line Drive, 3L) Luis Morales scores
|
Batting: RHB Nick Vogel
|
0-0: Foul Ball, location: 2F 0-1: Swinging Strike 0-2: Strikes out swinging
|
Batting: RHB Terry Perkins
|
0-0: Called Strike 0-1: Swinging Strike 0-2: SINGLE (Flyball, 8LS) Rafael Yan to third
|
Batting: LHB Jim Hall
|
0-0: Fielders Choice at 2nd, U4 (Groundball, 4M)
|
Bottom of the 3rd over - 1 run(s), 3 hit(s), 0 error(s), 2 left on base; H.H. Dow HS 1 - Bishop Verot HS 2 |
TOP OF THE 4TH |
H.H. Dow HS Chargers batting - Pitching for Bishop Verot HS : LHP Ray Morgan
|
Batting: RHB Joe Wiggs
|
0-0: Called Strike 0-1: Called Strike 0-2: Foul Ball, location: 2F 0-2: Strikes out swinging
|
Batting: RHB John Small
|
0-0: Called Strike 0-1: Ball 1-1: Called Strike 1-2: Ball 2-2: Ground out 5-3 (Groundball, 5)
|
Batting: LHB Larry Battle
|
0-0: Ball 1-0: SINGLE (Groundball, 56D)
|
Batting: SHB Carlton Moreno
|
0-0: Ball 1-0: Ball 2-0: Foul Ball, location: 2F 2-1: Fielders Choice at 2nd, U4 (Groundball, 4M)
|
Top of the 4th over - 0 run(s), 1 hit(s), 0 error(s), 1 left on base; H.H. Dow HS 1 - Bishop Verot HS 2 |
BOTTOM OF THE 4TH |
Bishop Verot HS batting - Pitching for H.H. Dow HS Chargers : RHP Benton Wilkerson
|
Batting: RHB Carlos Sánchez
|
0-0: Called Strike 0-1: Ball 1-1: Foul Ball, location: 2F 1-2: Foul Ball, location: 2F 1-2: Foul Ball, location: 2F 1-2: Ball 2-2: Hit by Pitch
|
Batting: RHB Reynaldo Gómez
|
0-0: Ball 1-0: Swinging Strike 1-1: Called Strike 1-2: Foul Ball, location: 2F 1-2: SINGLE (Groundball, 4M) Carlos Sánchez to second
|
Batting: RHB Jon Foster
|
0-0: Reached on Error, E7 (Flyball, 7LM) Carlos Sánchez to third Reynaldo Gómez to second
|
Batting: RHB Peter Bishop
|
0-0: Ball 1-0: Ball 2-0: Ball 3-0: Called Strike 3-1: Fly out, F7 (Flyball, 7LD) Runner from 3rd tags up, SCORES, no throw Reynaldo Gómez to third
|
Batting: RHB Luis Morales
|
0-0: Ball 1-0: Ball 2-0: Ball 3-0: Called Strike 3-1: Called Strike 3-2: Base on Balls Jon Foster to second
|
Batting: LHB Rafael Yan
|
0-0: Ball 1-0: Called Strike 1-1: Foul Ball, location: 2F 1-2: Strikes out swinging
|
Batting: RHB Nick Vogel
|
0-0: Called Strike 0-1: Ball 1-1: Foul Ball, location: 2F 1-2: Foul Ball, location: 2F 1-2: Strikes out swinging
|
Bottom of the 4th over - 1 run(s), 1 hit(s), 1 error(s), 3 left on base; H.H. Dow HS 1 - Bishop Verot HS 3 |
TOP OF THE 5TH |
H.H. Dow HS Chargers batting - Pitching for Bishop Verot HS : LHP Ray Morgan
|
Batting: LHB Gary Powers
|
0-0: Ball 1-0: Ball 2-0: Foul Ball, location: 2F 2-1: Foul Ball, location: 2F 2-2: Ball 3-2: Strikes out swinging
|
Batting: RHB Liam Mahoney
|
0-0: Ball 1-0: Called Strike 1-1: Ground out 1-3 (Groundball, 13S)
|
Batting: RHB Greg Scott
|
0-0: Ball 1-0: Swinging Strike 1-1: Foul Ball, location: 2F 1-2: SINGLE (Line Drive, 6D)
|
Pitching: RHP John Harris
|
|
Batting: RHB Kris Ballard
|
0-0: Ball 1-0: Ground out 5-3 (Groundball, 5)
|
Top of the 5th over - 0 run(s), 1 hit(s), 0 error(s), 1 left on base; H.H. Dow HS 1 - Bishop Verot HS 3 |
BOTTOM OF THE 5TH |
Bishop Verot HS batting - Pitching for H.H. Dow HS Chargers : RHP Benton Wilkerson
|
Pitching: LHP Tom Martin
|
|
Batting: RHB Terry Perkins
|
0-0: Swinging Strike 0-1: Called Strike 0-2: Foul Ball, location: 2F 0-2: Ball 1-2: Ball 2-2: Ball 3-2: Foul Ball, location: 2F 3-2: Strikes out swinging
|
Batting: LHB Jim Hall
|
0-0: Fly out, F7 (Flyball, 78M)
|
Batting: RHB Carlos Sánchez
|
0-0: Ground out 6-3 (Groundball, 6)
|
Bottom of the 5th over - 0 run(s), 0 hit(s), 0 error(s), 0 left on base; H.H. Dow HS 1 - Bishop Verot HS 3 |
TOP OF THE 6TH |
H.H. Dow HS Chargers batting - Pitching for Bishop Verot HS : RHP John Harris
|
Batting: LHB Paul Cotton
|
0-0: Ball 1-0: Called Strike 1-1: Ball 2-1: Swinging Strike 2-2: Ball 3-2: SINGLE (Line Drive, 9LS)
|
Batting: RHB Joe Wiggs
|
0-0: Called Strike 0-1: SINGLE (Groundball, 34D) Paul Cotton to second Runner from 2nd tries for 3rd, SAFE, throw made to third
|
Batting: RHB John Small
|
0-0: Fly out, F5 (Line Drive, 5)
|
Batting: LHB Larry Battle
|
0-0: Ball 1-0: Called Strike 1-1: Ball 2-1: Ball 3-1: Fly out, F9 (Line Drive, 9LM) Runner from 3rd tags up, SCORES, no throw
|
Batting: SHB Carlton Moreno
|
0-0: Ball 1-0: Called Strike 1-1: Foul Ball, location: 2F 1-2: Ball 2-2: Ball 3-2: Ground out 4-3 (Groundball, 4)
|
Top of the 6th over - 1 run(s), 2 hit(s), 0 error(s), 1 left on base; H.H. Dow HS 2 - Bishop Verot HS 3 |
BOTTOM OF THE 6TH |
Bishop Verot HS batting - Pitching for H.H. Dow HS Chargers : LHP Tom Martin
|
Batting: RHB Reynaldo Gómez
|
0-0: Called Strike 0-1: Foul Ball, location: 2F 0-2: Fly out, F4 (Popup, 4)
|
Batting: RHB Jon Foster
|
0-0: Called Strike 0-1: Called Strike 0-2: Ball 1-2: Ball 2-2: Ground out 5-3 (Groundball, 56)
|
Batting: RHB Peter Bishop
|
0-0: Ball 1-0: Called Strike 1-1: Ball 2-1: Ground out 5-3 (Groundball, 5S)
|
Bottom of the 6th over - 0 run(s), 0 hit(s), 0 error(s), 0 left on base; H.H. Dow HS 2 - Bishop Verot HS 3 |
TOP OF THE 7TH |
H.H. Dow HS Chargers batting - Pitching for Bishop Verot HS : RHP John Harris
|
Batting: LHB Gary Powers
|
0-0: SINGLE (Flyball, 7S)
|
Batting: RHB Liam Mahoney
|
0-0: Ball 1-0: Called Strike 1-1: Ball 2-1: Foul Ball, location: 2F 2-2: Ball 3-2: Base on Balls Gary Powers to second
|
Pitching: LHP Richard Warren
|
|
Batting: RHB Greg Scott
|
0-0: Bunted foul 0-1: Sac Bunt - play at first, batter OUT! 1-4 Gary Powers to third Liam Mahoney to second
|
Pinch Hitting: RHB Stan Webb
|
0-0: Ball 1-0: Ball 2-0: Ball 3-0: Called Strike 3-1: Swinging Strike 3-2: Base on Balls
|
Batting: LHB Paul Cotton
|
0-0: Foul Ball, location: 2F 0-1: Ball Reached via error on a dropped throw, E6 Gary Powers scores Liam Mahoney to third Stan Webb to second
|
Batting: RHB Joe Wiggs
|
0-0: Ball 1-0: Foul Ball, location: 2F Reached via error on a dropped throw, E4 Liam Mahoney scores Stan Webb to third Paul Cotton to second
|
Batting: RHB John Small
|
0-0: Ball 1-0: Called Strike 1-1: Swinging Strike 1-2: Strikes out looking
|
Batting: LHB Larry Battle
|
0-0: Called Strike 0-1: Foul Ball, location: 2F 0-2: Ball 1-2: TRIPLE (Groundball, 3L) Stan Webb scores Paul Cotton scores Joe Wiggs scores
|
Batting: SHB Carlton Moreno
|
0-0: Ball 1-0: Called Strike 1-1: Foul Ball, location: 2F 1-2: Ball 2-2: Foul Ball, location: 2F 2-2: Ball Passed Ball! Larry Battle scores 3-2: Foul Ball, location: 2F 3-2: DOUBLE (Line Drive, 9LS)
|
Pitching: RHP Jared Thomas
|
|
Batting: LHB Gary Powers
|
0-0: Ball 1-0: Called Strike 1-1: Ball 2-1: Ball 3-1: Base on Balls
|
Batting: RHB Liam Mahoney
|
0-0: Ball 1-0: Ground out 4-3 (Groundball, 34)
|
Top of the 7th over - 6 run(s), 3 hit(s), 2 error(s), 2 left on base; H.H. Dow HS 8 - Bishop Verot HS 3 |
BOTTOM OF THE 7TH |
Bishop Verot HS batting - Pitching for H.H. Dow HS Chargers : LHP Tom Martin
|
Pitching: RHP Marlon Rivers
|
|
Now at 3B: Stan Webb
|
|
Batting: RHB Luis Morales
|
0-0: Foul Ball, location: 2F 0-1: Ball 1-1: Ball 2-1: SINGLE (Flyball, 8LM)
|
Batting: LHB Rafael Yan
|
0-0: Ball 1-0: Foul Ball, location: 2F 1-1: Swinging Strike 1-2: Ground out 3-1 (Groundball, 34S) Luis Morales to second
|
Batting: RHB Nick Vogel
|
0-0: Foul Ball, location: 2F 0-1: Foul Ball, location: 2F 0-2: Foul Ball, location: 2F 0-2: SINGLE (Groundball, 34D) Luis Morales to third
|
Batting: RHB Terry Perkins
|
0-0: Ball Wild Pitch! Luis Morales scores Nick Vogel to second 1-0: Fly out, F6 (Line Drive, 56) 1-0: Lined into DP, 6-4 (Line Drive, 56)
|
Bottom of the 7th over - 1 run(s), 2 hit(s), 0 error(s), 0 left on base; H.H. Dow HS 8 - Bishop Verot HS 4 |
TOP OF THE 8TH |
H.H. Dow HS Chargers batting - Pitching for Bishop Verot HS : RHP Jared Thomas
|
Batting: RHB Greg Scott
|
0-0: Fly out, F6 (Line Drive, 6)
|
Batting: RHB Stan Webb
|
0-0: Ball 1-0: Ball 2-0: Ball 3-0: Base on Balls
|
Batting: LHB Paul Cotton
|
0-0: Ball 1-0: Called Strike 1-1: DOUBLE (Line Drive, 89M) Stan Webb to third
|
Batting: RHB Joe Wiggs
|
0-0: Called Strike 0-1: Called Strike 0-2: Ball 1-2: SINGLE (Groundball, 3) Stan Webb scores Paul Cotton to third Runner from 3rd tries for Home, SAFE, throw made home
|
Pitching: RHP Pete O'Connor
|
|
Batting: RHB John Small
|
0-0: Foul Ball, location: 2F 0-1: Ball 1-1: Called Strike 1-2: Strikes out looking
|
Batting: LHB Larry Battle
|
0-0: Foul Ball, location: 2F 0-1: Ball 1-1: Called Strike 1-2: Ball 2-2: Fly out, F7 (Flyball, 7M)
|
Top of the 8th over - 2 run(s), 2 hit(s), 0 error(s), 1 left on base; H.H. Dow HS 10 - Bishop Verot HS 4 |
BOTTOM OF THE 8TH |
Bishop Verot HS batting - Pitching for H.H. Dow HS Chargers : RHP Marlon Rivers
|
Batting: LHB Jim Hall
|
0-0: Ball 1-0: Called Strike 1-1: Called Strike 1-2: Ground out 3-1 (Groundball, 34)
|
Batting: RHB Carlos Sánchez
|
0-0: Ball 1-0: Ball 2-0: Swinging Strike 2-1: Swinging Strike 2-2: Strikes out swinging
|
Batting: RHB Reynaldo Gómez
|
0-0: Called Strike 0-1: Called Strike 0-2: Ball 1-2: Ground out 6-3 (Groundball, 6)
|
Bottom of the 8th over - 0 run(s), 0 hit(s), 0 error(s), 0 left on base; H.H. Dow HS 10 - Bishop Verot HS 4 |
TOP OF THE 9TH |
H.H. Dow HS Chargers batting - Pitching for Bishop Verot HS : RHP Pete O'Connor
|
Pitching: RHP Claudio García
|
|
Batting: SHB Carlton Moreno
|
0-0: Called Strike 0-1: Ball 1-1: Ball 2-1: Called Strike 2-2: Foul Ball, location: 2F 2-2: Ball 3-2: Strikes out swinging
|
Batting: LHB Gary Powers
|
0-0: Called Strike 0-1: Ball 1-1: Foul Ball, location: 2F 1-2: Ground out 6-3 (Groundball, 6M)
|
Pitching: RHP Collin Thompson
|
|
Batting: RHB Liam Mahoney
|
0-0: Called Strike 0-1: Ball 1-1: Fly out, F5 (Popup, 5DF)
|
Top of the 9th over - 0 run(s), 0 hit(s), 0 error(s), 0 left on base; H.H. Dow HS 10 - Bishop Verot HS 4 |
BOTTOM OF THE 9TH |
Bishop Verot HS batting - Pitching for H.H. Dow HS Chargers : RHP Marlon Rivers
|
Now in CF: Sidney Boyd
|
|
Batting: RHB Jon Foster
|
0-0: Called Strike 0-1: Foul Ball, location: 2F 0-2: Ball 1-2: Foul Ball, location: 2F 1-2: Strikes out looking
|
Batting: RHB Peter Bishop
|
0-0: Ball 1-0: Called Strike 1-1: Foul Ball, location: 2F 1-2: Ground out 6-3 (Groundball, 6)
|
Batting: RHB Luis Morales
|
0-0: Ball 1-0: Called Strike 1-1: Called Strike 1-2: Strikes out looking
|
Bottom of the 9th over - 0 run(s), 0 hit(s), 0 error(s), 0 left on base; H.H. Dow HS 10 - Bishop Verot HS 4 |
|